 Dungeon Crawl Stone Soup version 0.31-a0-5-g84e6b3452c (webtiles) character file.

Game seed: 14557470634247815725

180871 Zadymka the Tortoise (level 18, -10/243 HPs)
             Began as a Hill Orc Fighter on May 4, 2023.
             Was a High Priest of Beogh.
             Mangled by a shambling mangrove (17 damage)
             ... on level 4 of the Swamp on May 5, 2023.
             The game lasted 04:37:51 (59386 turns).

Zadymka the Tortoise (Hill Orc Fighter)            Turns: 59386, Time: 04:37:52

Health: -10/243    AC: 32    Str: 27    XL:     18   Next: 28%
Magic:  7/7        EV: -1    Int: 14    God:    Beogh [*****.]
Gold:   1542       SH:  0    Dex: 13    Spells: 17/17 levels left

rFire   . . .        O - +9 rapier "Metuo" {antimagic, rN++ Int+6 Dex-3}
rCold   . . .        r - +1 kite shield {AC+3}
rNeg    + + .        m - melded +2 chain mail {rPois}
rPois   +            z - melded +2 helmet
rElec   .            H - melded +0 cloak
rCorr   .            b - melded +3 pair of gauntlets of War {Slay+5}
SInv    .            (boots currently unavailable)
Will    +....        D - amulet of reflection Stlth
                     I - +6 ring of dexterity
HPRegen 0.60/turn    B - +5 ring of evasion
MPRegen 0.10/turn

%: reflection, clarity
@: confused, tree-form (expiring), silenced, ambrosia-drunk, grasped by roots,
slowed, constricted, very slow
A: stationary, stasis, torment immunity, boosted hp, walk on water, clarity,
MP-powered wands
a: Renounce Religion


You were on level 4 of the Swamp.
You worshipped Beogh.
Beogh was extremely pleased with you.
You were a tree.
You visited 6 branches of the dungeon, and saw 30 of its levels.
You visited 1 bazaar.
You also visited: Bailey.

You collected 2785 gold pieces.
You spent 1243 gold pieces at shops.

Inventory:

Hand Weapons
 O - the +9 rapier "Metuo" (weapon) {antimagic, rN++ Int+6 Dex-3}
   (You found it in a bailey)

   Int:       It affects your intelligence (+6).
   Dex:       It affects your dexterity (-3).
   rN:        It greatly protects you from negative energy.
Missiles
 Z - a curare-tipped dart
Armour
 b - the +3 pair of gauntlets of War (melded) {Slay+5}
   (You acquired it on level 2 of the Orcish Mines)

   Slay:      It affects your accuracy & damage with ranged weapons and melee
   (+5).
 m - a +2 chain mail of poison resistance (melded)
 r - a +1 kite shield of protection (worn)
 z - a +2 helmet (melded)
 H - a +0 cloak (melded)
 P - a +5 chain mail of cold resistance
Jewellery
 c - a ring of magical power
 h - a ring of protection from fire
 s - a ring of magical power
 v - a +5 ring of evasion
 B - a +5 ring of evasion (right branch)
 C - a +4 ring of protection
 D - an amulet of reflection (around neck)
 G - a ring of positive energy
 I - a +6 ring of dexterity (left branch)
 L - a ring of protection from cold
Wands
 d - a wand of iceblast (4)
 e - a wand of flame (5) (quivered)
 k - a wand of paralysis (21)
 p - a wand of digging (11)
 u - a wand of quicksilver (33)
 M - a wand of polymorph (4)
 Q - a wand of mindburst (9)
Scrolls
 a - 4 scrolls of fog
 n - 3 scrolls of immolation
 t - 3 scrolls of torment
 w - 12 scrolls of teleportation
 x - 4 scrolls of magic mapping
 y - 4 scrolls of blinking
 N - 11 scrolls of identify
 T - 3 scrolls of silence
 W - 2 scrolls of enchant armour
Potions
 g - 3 potions of brilliance
 i - 7 potions of attraction
 l - 2 potions of resistance
 o - 3 potions of haste
 q - 11 potions of flight
 A - a potion of cancellation
 E - a potion of invisibility
 F - 2 potions of magic
 J - a potion of lignification
 V - 2 potions of might
 Y - 2 potions of berserk rage
Miscellaneous
 j - a phantom mirror
 K - a box of beasts


   Skills:
 + Level 14.9 Fighting
 - Level 14.0 Short Blades
 + Level 10.8(12.0) Axes
 + Level 7.0(9.2) Maces & Flails
 + Level 4.4 Throwing
 + Level 16.3 Armour
 + Level 6.9 Dodging
 + Level 5.0 Stealth
 + Level 15.0 Shields
 + Level 4.0 Invocations
 * Level 11.6 Evocations


You had 17 spell levels left.
You didn't know any spells.
Your spell library contained the following spells:

 Spells                   Type           Power      Damage    Failure   Level
 Apportation              Tloc           0%         N/A       38%         1
 Kiss of Death            Conj/Necr      0%         2d5       38%         1
 Magic Dart               Conj           0%         1d3       38%         1
 Necrotise                Necr           0%         1d4       38%         1
 Shock                    Conj/Air       0%         1d3       38%         1
 Slow                     Hex            0%         N/A       38%         1
 Sting                    Tmut/Pois      0%         1d3       38%         1
 Summon Small Mammal      Summ           0%         N/A       38%         1
 Blink                    Tloc           0%         N/A       52%         2
 Lesser Beckoning         Tloc           0%         N/A       52%         2
 Momentum Strike          Conj/Tloc      0%         3d8       52%         2
 Poisonous Vapours        Pois/Air       0%         N/A       52%         2
 Searing Ray              Conj           0%         2d4       52%         2
 Call Canine Familiar     Summ           0%         N/A       77%         3
 Confusing Touch          Hex            0%         N/A       77%         3
 Dazzling Flash           Conj/Hex       0%         N/A       77%         3
 Gell's Gravitas          Tloc           0%         N/A       77%         3
 Ignite Poison            Fire/Tmut/Pois 0%         N/A       77%         3
 Portal Projectile        Hex/Tloc       0%         N/A       77%         3
 Summon Guardian Golem    Hex/Summ       0%         N/A       77%         3
 Teleport Other           Tloc           0%         N/A       77%         3
 Vampiric Draining        Necr           0%         2d6       77%         3
 Vhi's Electric Charge    Tloc/Air       0%         N/A       77%         3
 Fulminant Prism          Conj/Hex       0%         3d5       99%         4
 Leda's Liquefaction      Hex/Erth       0%         N/A       99%         4
 Olgreb's Toxic Radiance  Pois           0%         N/A       99%         4
 Sticky Flame             Conj/Fire      0%         2d3       99%         4
 Summon Lightning Spire   Summ/Air       0%         N/A       99%         4
 Agony                    Necr           0%         N/A       100%        5
 Alistair's Intoxication  Tmut/Pois      0%         N/A       100%        5
 Arcjolt                  Conj/Air       0%         1d10      100%        5
 Blade Hands              Tmut           0%         N/A       100%        5
 Fireball                 Conj/Fire      0%         3d3       100%        5
 Irradiate                Conj/Tmut      0%         3d11      100%        5
 Iskenderun's Battlesphe  Conj           0%         2d6       100%        5
 Silence                  Hex/Air        0%         N/A       100%        5
 Summon Forest            Summ/Tloc      0%         N/A       100%        5
 Dispersal                Tloc           0%         N/A       100%        6
 Eringya's Noxious Bog    Tmut/Pois      0%         N/A       100%        6
 Dragon Form              Tmut           0%         N/A       100%        7
 Orb of Destruction       Conj           0%         9d5       100%        7
 Storm Form               Tmut/Air       0%         N/A       100%        7
 Summon Hydra             Summ           0%         N/A       100%        7
 Ignition                 Fire           0%         3d3       100%        8
 Maxwell's Capacitive Co  Air            0%         ∞         100%        8


Dungeon Overview and Level Annotations

Branches:
Dungeon (15/15)            Temple (0/1) D:4            Lair (5/5) D:11
  Swamp (4/4) Lair:2       Spider (1/4) Lair:2        Slime (0/5) Lair:5
    Orc (2/2) D:9             Elf (3/3) Orc:2        Vaults (0/5) D:13
 Depths (0/4) D:15         Bailey (visited)

Altars:
Dithmenos
Elyvilon
Hepliaklqana
Kikubaaqudgha
Okawaru
Vehumet
Xom
Yredelemnul
The Shining One
Beogh
Jiyva

Shops:
D:6 :   Orc:2 ?(*=**:   Elf:1 (   Elf:3 ?

Portals:
Pandemonium: Orc:2

Annotations:
D:8 3 transporters
Swamp:2 exclusions: oklob plant and oklob sapling


Innate Abilities, Weirdness & Mutations

You are a tree.
Your roots penetrate the ground, keeping you stationary.
You cannot be teleported.
You are immune to unholy pain and torment.
Your maximum health is greatly increased.
Your equipment is partially melded.
You can walk on water.
You possess an exceptional clarity of mind.
You expend magic power (3 MP) to strengthen your wands.


Message History

You puncture the bog body!
The bog body's magic leaks into the air.
The bog body is severely damaged.
The grasping roots constrict you!
* * * LOW HITPOINT WARNING * * *
The bog body touches you but does no damage.
You barely miss the bog body.
The bog body is severely damaged.
The grasping roots constrict you.
* * * LOW HITPOINT WARNING * * *
You block the bog body's attack.
You puncture the bog body!
The bog body's magic leaks into the air.
The bog body is almost destroyed.
You puncture the bog body!
You destroy the bog body!
Beogh accepts your kill. The grasping roots constrict you.
* * * LOW HITPOINT WARNING * * *
You hit the shambling mangrove but do no damage.
You hit the shambling mangrove.
The shambling mangrove is lightly damaged.
You block the shambling mangrove's attack.
The grasping roots constrict you!
* * * LOW HITPOINT WARNING * * *
You feel better.
Your transformation is almost over.
You block the shambling mangrove's attack.
The grasping roots constrict you.
The grasping roots release their grip on you.
You feel better.
Roots burst forth from the earth!
The grasping roots grab you! The grasping roots constrict you!!
* * * LOW HITPOINT WARNING * * *
The shambling mangrove hits you but does no damage.
The grasping roots constrict you.
* * * LOW HITPOINT WARNING * * *
You are confused.
You feel invigorated. The shambling mangrove hits you!
You die...

♣♣♣♣♣♣♣♣♣♣♣♣♣
♣♣~.~.~~~..~.♣♣
♣.###########~♣
♣.# #~..#:$f♣♣
♣.# +...†.[#.♣
♣~# #~~~.[##.♣
♣~#..~.~....#.♣
♣.#.~8~~.8.§#~♣
♣.#.~~..~.~~~~♣
♣.#.~~~~..?~#.♣
♣~#~..~..~.f#.♣
♣♣♣♣~#.~8._.(~.#
♣


You could see a shambling mangrove (unsilenced).

Vanquished Creatures
  Nikola (Swamp:3)
  A tentacled monstrosity (Swamp:3)
  Jorgrun (Swamp:3)
  A deep elf master archer (Elf:3)
  2 deep elf blademasters (Elf:3)
  5 thorn hunters
  Frances (Swamp:2)
  Donald (Elf:1)
  2 deep elf sorcerers (Elf:2)
  A deep elf elementalist (Elf:3)
  A deep elf annihilator (Elf:3)
  7 eleionomae
  3 bunyips
  A deep elf death mage (Elf:2)
  A deep elf high priest (Elf:3)
  3 shambling mangroves (Swamp:2)
  Josephine (D:11)
  A vault guard (D:13)
  5 centaur warriors
  4 catoblepae (Lair:5)
  4 alligators
  19 hydras
  A boulder beetle (D:14)
  6 dancing weapons
  A two-headed ogre (D:12)
  A tengu warrior (D:15)
  An orc high priest (Orc:2)
  3 death yaks (Lair:5)
  Sonja (Lair:5)
  11 deep elf knights
  Amaemon (Lair:2)
  A skyshark (Lair:2)
  6 goliath frogs
  8 swamp dragons
  8 spriggan druids
  7 bog bodies
  4 deep elf archers
  A necromancer (D:15)
  3 lindwurms
  12 deep elf zephyrmancers
  10 deep elf pyromancers
  A wolf spider (D:15)
  4 cyclopes
  8 ugly things
  A manticore (Lair:5)
  3 will-o-the-wisps
  An orange demon (Lair:2)
  A black mamba (Lair:2)
  2 cane toads
  A naga mage (D:15)
  A gargoyle (D:8)
  A demonic crawler (Spider:1)
  A freezing wraith (D:14)
  A kobold demonologist (D:10)
  An unseen horror (D:10)
  3 yaktaurs
  4 rime drakes
  A komodo dragon (Lair:1)
  A tengu conjurer (D:14)
  3 trolls
  A bloated husk (Swamp:3)
  Grinder (D:4)
  A blink frog (Lair:5)
  6 tyrant leeches
  7 hornets
  A centaur simulacrum (D:15)
  An air elemental (Elf:2)
  A jumping spider (Spider:1)
  A culicivora (Spider:1)
  6 wraiths
  2 wyverns
  5 spriggans
  3 humans (Elf:2)
  Sigmund (D:2)
  Eustachio (D:4)
  24 yaks
  4 basilisks
  A fire elemental (Elf:1)
  3 redbacks (Spider:1)
  A steam dragon (D:9)
  3 vampire mosquitoes (Swamp:3)
  A warg (Orc:2)
  12 swamp worms
  An acid dragon (D:13)
  4 water moccasins
  9 swamp drakes
  6 orc warriors
  An ice beast (D:5)
  2 black bears (D:7)
  6 ogres
  5 centaurs (D:13)
  A wolf (D:10)
  4 kobold brigands
  A gnoll sergeant (D:7)
  4 bullfrogs
  2 scorpions
  2 wyvern zombies (D:8)
  An earth elemental (Elf:1)
  12 wights
  A killer bee (D:9)
  An electric eel (D:15)
  A centaur zombie (D:8)
  A human zombie (D:8)
  4 hounds
  4 jellies
  3 orc priests
  4 iguanas
  2 sleepcaps
  Ijyb (D:4)
  10 orc wizards
  A killer bee zombie (D:8)
  A mummy (D:8)
  5 gnolls (D:7)
  9 adders
  A white imp (D:6)
  A worm (D:2)
  2 dart slugs
  35 orcs
  4 bats
  4 endoplasms
  3 giant cockroaches
  8 hobgoblins
  10 jackals
  10 kobolds
  3 quokkas
  7 ball pythons
  2 frilled lizards
  17 goblins
  5 rats
  5 briar patches (Swamp:2)
504 creatures vanquished.

Vanquished Creatures (collateral kills)
  Gastronok (Lair:2)
  A deep elf sorcerer (Elf:1)
  A ghost moth (Spider:1)
  Louise (Elf:3)
  2 deep elf elementalists (Elf:3)
  A broodmother (Spider:1)
  A bunyip (Swamp:1)
  2 deep elf death magi (Elf:1)
  7 vault guards (D:13)
  A ghost crab (Swamp:1)
  3 hydras
  A demonspawn (Orc:2)
  3 centaur warriors
  6 death yaks (Lair:5)
  3 boulder beetles
  23 dancing weapons
  4 two-headed ogres
  A tengu warrior (D:9)
  2 orc high priests (Orc:2)
  10 deep elf knights
  A soul eater (Orc:2)
  A sixfirhy (Orc:2)
  2 orb spiders
  10 deep elf archers
  A wizard (D:15)
  A steelbarb worm (Spider:1)
  2 swamp dragons
  19 deep elf pyromancers
  7 orc knights
  23 deep elf zephyrmancers
  5 orc sorcerers
  12 ugly things
  2 wolf spiders (Spider:1)
  3 manticores
  2 cyclopes
  5 elephants (Lair:5)
  A black mamba (Lair:5)
  6 cane toads
  A centaur skeleton (D:15)
  An unseen horror (D:12)
  2 rime drakes
  A tengu conjurer (D:14)
  An efreet (D:14)
  2 yaktaurs (D:15)
  2 polar bears
  2 komodo dragons
  A red devil (Orc:2)
  4 trolls
  7 tarantellas (Spider:1)
  2 hornets
  5 jumping spiders (Spider:1)
  A shadow (D:9)
  2 air elementals
  2 culicivoras (Spider:1)
  8 slime creatures
  2 wyverns
  2 water elementals
  A fire elemental (Elf:1)
  38 yaks
  3 wraiths
  12 redbacks (Spider:1)
  A human (Elf:2)
  A basilisk (D:11)
  Grum (D:10)
  4 wargs
  An acid dragon (D:12)
  4 water moccasins
  A swamp drake (Swamp:2)
  An ogre (Orc:1)
  17 orc warriors
  2 wolves (D:10)
  6 centaurs (D:13)
  6 bullfrogs
  A wyvern zombie (D:8)
  An earth elemental (Elf:1)
  A hornet simulacrum (D:15)
  5 killer bees (D:9)
  6 electric eels
  2 centaur zombies
  10 jellies (Lair:5)
  17 orc priests
  10 orc wizards
  A killer bee zombie (D:8)
  A mummy (D:8)
  18 orcs
  3 bushes
  A plant (Lair:1)
401 creatures vanquished.

Vanquished Creatures (others)
  2 orc warlords (Elf:3)
  A deep elf death mage (Elf:3)
  A deep elf high priest (Elf:3)
  A dancing weapon (Elf:2)
  6 orc high priests
  2 deep elf knights
  A deep elf pyromancer (Elf:3)
  A deep elf zephyrmancer (Elf:3)
  5 orc knights
  A manticore (D:12)
  3 orc sorcerers
  A water nymph (shapeshifter) (Lair:5)
  2 bloated husks (Swamp:2)
  A tyrant leech (Swamp:4)
  2 spriggans (Swamp:2)
  13 orc warriors
  An electric eel (D:14)
  13 orc priests
  5 orc wizards
  42 orcs
  2 briar patches
  3 bushes (Elf:3)
  16 foxfires
  73 fungi
  130 plants
328 creatures vanquished.

Grand Total: 1233 creatures vanquished

Notes
Turn   | Place    | Note
-------+----------+-------------------------------------------
     0 | D:1      | Zadymka the Hill Orc Fighter began the quest for the Orb.
     0 | D:1      | Reached XP level 1. HP: 19/19 MP: 1/1
   115 | D:1      | You fall into a shaft and drop 1 floor!
   275 | D:1      | Reached XP level 2. HP: 27/27 MP: 2/2
   861 | D:2      | Noticed Sigmund
   866 | D:2      | Killed Sigmund
   867 | D:2      | Reached skill level 4 in Armour
   867 | D:2      | Reached skill level 1 in Dodging
   867 | D:2      | Reached XP level 3. HP: 29/34 MP: 3/3
   867 | D:2      | Reached XP level 4. HP: 35/41 MP: 4/4
   867 | D:2      | Reached XP level 5. HP: 40/47 MP: 5/5
  1218 | D:2      | Found a faded altar of an unknown god.
  1237 | D:2      | Became a worshipper of Beogh the Brigand
  1294 | D:2      | Reached skill level 5 in Axes
  1403 | D:2      | Found a radiant altar of Vehumet.
  1781 | D:3      | Reached XP level 6. HP: 53/53 MP: 6/6
  1822 | D:3      | Found an iron altar of Okawaru.
  1910 | D:3      | Reached * piety under Beogh
  2522 | D:4      | Reached skill level 5 in Armour
  2606 | D:4      | Reached XP level 7. HP: 60/60 MP: 7/7
  2628 | D:4      | Reached skill level 5 in Fighting
  2716 | D:4      | Noticed Eustachio
  2733 | D:4      | Killed Eustachio
  2770 | D:4      | Found a staircase to the Ecumenical Temple.
  2902 | D:4      | Found a shadowy altar of Dithmenos.
  3152 | D:4      | Found a glowing golden altar of the Shining One.
  3157 | D:4      | Noticed Ijyb
  3164 | D:4      | Killed Ijyb
  3164 | D:4      | Reached ** piety under Beogh
  3195 | D:4      | Noticed Grinder
  3201 | D:4      | Killed Grinder
  3202 | D:4      | Reached skill level 6 in Armour
  3202 | D:4      | Reached XP level 8. HP: 62/69 MP: 8/8
  3292 | D:4      | Found a white marble altar of Elyvilon.
  3342 | D:4      | Found a radiant altar of Vehumet.
  3342 | D:4      | Found an ancient bone altar of Kikubaaqudgha.
  3374 | D:5      | Entered Level 5 of the Dungeon
  3442 | D:5      | Found a large runed translucent door.
  3442 | D:5      | Found a large runed translucent door.
  3445 | D:5      | Found a shimmering altar of Xom.
  4305 | D:6      | Found Kezajy's Self-Improvement Boutique.
  4340 | D:6      | Found a hazy altar of Hepliaklqana.
  4875 | D:7      | Reached skill level 7 in Armour
  4875 | D:7      | Reached XP level 9. HP: 70/75 MP: 9/9
  4909 | D:7      | Reached skill level 10 in Axes
  4913 | D:7      | Reached skill level 5 in Shields
  5979 | D:7      | Reached *** piety under Beogh
  6338 | D:8      | Reached skill level 1 in Maces & Flails
  6741 | D:8      | Noticed a gargoyle
  6751 | D:8      | Killed a gargoyle
  6752 | D:8      | Reached skill level 1 in Throwing
  6752 | D:8      | Reached skill level 8 in Armour
  6752 | D:8      | Reached XP level 10. HP: 45/86 MP: 10/10
  7026 | D:8      | Found a transporter.
  7051 | D:8      | Found a transporter.
  7052 | D:8      | Found a transporter.
  7053 | D:8      | Found a transporter.
  7489 | D:8      | Reached skill level 1 in Stealth
  7497 | D:8      | Found a basalt altar of Yredelemnul.
  7502 | D:8      | Reached skill level 5 in Maces & Flails
  7984 | D:9      | Found a staircase to the Orcish Mines.
  7991 | D:9      | Found a flagged portal.
  8021 | Bailey   | Entered a bailey
  8907 | Bailey   | Noticed an orc knight
  8907 | Bailey   | Noticed an orc knight
  8914 | Bailey   | Killed an orc knight
  8914 | Bailey   | Reached **** piety under Beogh
  8917 | Bailey   | Killed an orc knight
  9267 | Bailey   | Got the Incunabulum of Kinetic Energy
  9269 | Bailey   | Identified the +9 rapier "Metuo" {antimagic, rN++ Int+6
                  | Dex-3}
  9670 | D:9      | Noticed a two-headed ogre
  9673 | D:9      | Killed a two-headed ogre
 10023 | D:9      | Found a runed translucent door.
 10024 | D:9      | Noticed a four-headed hydra
 10151 | D:9      | Killed a six-headed hydra
 10165 | D:9      | Noticed a cyclops
 10169 | D:9      | Killed a cyclops
 10170 | D:9      | Reached skill level 9 in Armour
 10314 | D:9      | Noticed a tengu warrior
 10322 | D:9      | Killed a tengu warrior
 10322 | D:9      | Gained Ognian as an ally
 10323 | D:9      | Reached skill level 1 in Short Blades
 10323 | D:9      | Reached XP level 11. HP: 57/94 MP: 3/11
 10640 | D:9      | Noticed a deep elf archer
 10643 | D:9      | Killed a deep elf archer
 12277 | D:10     | Entered Level 10 of the Dungeon
 12690 | D:10     | Gained Boruk as an ally
 13735 | Orc:1    | Entered Level 1 of the Orcish Mines
 13741 | Orc:1    | Reached skill level 1 in Invocations
 13960 | Orc:1    | Noticed an orc knight
 13969 | Orc:1    | Killed an orc knight
 15141 | Orc:2    | Entered Level 2 of the Orcish Mines
 15532 | Orc:2    | Found Gyefiv's Magic Scroll Shoppe.
 15553 | Orc:2    | Found Ezeoso's General Store.
 15560 | Orc:2    | Gained Rocco as an ally
 15995 | Orc:2    | Found a roughly hewn altar of Beogh.
 16032 | Orc:2    | Gained Hilgar as an ally
 16036 | Orc:2    | Noticed an orc high priest
 16042 | Orc:2    | Your ally Hilgar died
 16042 | Orc:2    | Killed an orc high priest
 16043 | Orc:2    | Reached skill level 10 in Armour
 16072 | Orc:2    | Noticed an orc knight
 16073 | Orc:2    | Noticed a sixfirhy
 16073 | Orc:2    | Noticed a soul eater
 16077 | Orc:2    | Found a staircase to the Elven Halls.
 16077 | Orc:2    | Killed an orc knight
 16078 | Orc:2    | Killed a soul eater
 16081 | Orc:2    | Reached ***** piety under Beogh
 16084 | Orc:2    | Killed a sixfirhy
 16086 | Orc:2    | Noticed an orc knight
 16092 | Orc:2    | Killed an orc knight
 16665 | Orc:2    | Bought a scroll of identify for 22 gold pieces
 16666 | Orc:2    | Bought a scroll of enchant armour for 82 gold pieces
 16998 | Orc:2    | Found Nulistre's General Store.
 17000 | Orc:2    | Found Erudum's General Store.
 17000 | Orc:2    | Noticed an orc high priest
 17005 | Orc:2    | Noticed an orc high priest
 17011 | Orc:2    | Noticed an orc knight
 17012 | Orc:2    | Noticed a soul eater
 17020 | Orc:2    | Noticed a soul eater
 17030 | Orc:2    | Your ally Rocco died
 17039 | Orc:2    | Killed an orc knight
 17351 | Orc:2    | Noticed an orc knight
 17351 | Orc:2    | Noticed an orc sorcerer
 17357 | Orc:2    | Killed an orc knight
 17359 | Orc:2    | Killed an orc sorcerer
 17592 | Orc:2    | Noticed an orc sorcerer
 17592 | Orc:2    | Noticed an orc high priest
 17592 | Orc:2    | Noticed a demonspawn
 17605 | Orc:2    | Killed a demonspawn
 17605 | Orc:2    | Killed an orc high priest
 17606 | Orc:2    | Reached skill level 11 in Armour
 17779 | Orc:2    | Bought a potion of heal wounds for 60 gold pieces
 17779 | Orc:2    | Bought a scroll of identify for 24 gold pieces
 17782 | Orc:2    | Bought a scroll of identify for 26 gold pieces
 17782 | Orc:2    | Bought a scroll of identify for 26 gold pieces
 17782 | Orc:2    | Bought a potion of curing for 39 gold pieces
 17783 | Orc:2    | Identified a scroll of acquirement
 17784 | Orc:2    | Acquired the +3 pair of gauntlets of War {Slay+5}
 17784 | Orc:2    | Found the +3 pair of gauntlets of War {Slay+5}
 17972 | Orc:2    | Noticed an orc high priest
 17980 | Orc:2    | Killed an orc high priest
 17981 | Orc:2    | Noticed an orc high priest
 17981 | Orc:2    | Gained Alork as an ally
 17994 | Orc:2    | Noticed an orc high priest
 18031 | Orc:2    | Noticed an orc high priest
 18037 | Orc:2    | Your ally Alork died
 18041 | Orc:2    | Noticed an orc sorcerer
 18043 | Orc:2    | Noticed an orc sorcerer
 18048 | Orc:2    | Killed an orc sorcerer
 18049 | Orc:2    | Reached skill level 5 in Short Blades
 18049 | Orc:2    | Reached XP level 12. HP: 101/104 MP: 4/13
 18270 | Orc:2    | Found Avexigrih's Antique Weapon Shop.
 18270 | Orc:2    | Found Yreogec's Jewellery Boutique.
 18270 | Orc:2    | Found a one-way gate leading to the halls of Pandemonium.
 18728 | Orc:2    | Bought a wand of iceblast (5) for 144 gold pieces
 18730 | Orc:2    | Bought a scroll of blinking for 97 gold pieces
 19118 | D:10     | Noticed Grum
 19126 | D:10     | Killed Grum
 19874 | Orc:2    | Found Nashorph's Book Shoppe.
 19927 | Orc:2    | Bought a box of beasts for 560 gold pieces
 20919 | D:11     | Gained Judas as an ally
 20920 | D:11     | Reached skill level 1 in Evocations
 20965 | D:11     | Noticed Josephine
 21024 | D:11     | Killed Josephine
 21589 | D:11     | Found a staircase to the Lair.
 21746 | D:11     | Found a roughly hewn altar of Beogh.
 21749 | D:11     | Gained Blodwig as an ally
 21755 | D:11     | Your ally Blodwig died
 21936 | D:11     | Noticed a two-headed ogre
 21944 | D:11     | Killed a two-headed ogre
 21966 | D:11     | Noticed a two-headed ogre
 21973 | D:11     | Killed a two-headed ogre
 22222 | D:11     | Noticed a boulder beetle
 22232 | D:11     | Killed a boulder beetle
 22233 | D:11     | Reached skill level 12 in Armour
 22489 | Lair:1   | Entered Level 1 of the Lair of Beasts
 23537 | Lair:2   | Noticed Gastronok
 23548 | Lair:2   | Killed Gastronok
 23549 | Lair:2   | Reached XP level 13. HP: 112/112 MP: 2/14
 23779 | Lair:2   | Found a staircase to the Swamp.
 23783 | Lair:2   | Gained Dorog as an ally
 23970 | Lair:2   | Found a hole to the Spider Nest.
 24571 | Lair:2   | Noticed Amaemon
 24579 | Lair:2   | Killed Amaemon
 25175 | Lair:3   | Reached ****** piety under Beogh
 25175 | Lair:3   | Gained Olfik as an ally
 25632 | Lair:4   | Reached skill level 10 in Fighting
 26314 | Lair:5   | Entered Level 5 of the Lair of Beasts
 26496 | Lair:5   | Noticed Sonja
 26500 | Lair:5   | Killed Sonja
 26579 | Lair:5   | Found a staircase to the Slime Pits.
 26586 | Lair:5   | Found a viscous altar of Jiyva.
 26966 | Lair:5   | Reached skill level 10 in Short Blades
 27307 | Lair:5   | Reached skill level 5 in Evocations
 27350 | Lair:5   | Reached skill level 13 in Armour
 27604 | Lair:5   | Reached XP level 14. HP: 108/122 MP: 5/16
 29863 | D:13     | Found a gate to the Vaults.
 29887 | D:13     | Gained Olfik as an ally
 31042 | D:13     | Reached skill level 5 in Dodging
 32029 | D:14     | Upgraded the game from 0.31-a0-4-gefa6de2278 to
                  | 0.31-a0-5-g84e6b3452c
 32713 | D:15     | Entered Level 15 of the Dungeon
 32802 | D:15     | Your ally Dorog died
 32803 | D:15     | Your ally Olfik died
 33439 | D:15     | Reached XP level 15. HP: 130/130 MP: 5/17
 33857 | D:15     | Found a staircase to the Depths.
 34956 | Spider:1 | Entered Level 1 of the Spider Nest
 34965 | Spider:1 | Reached skill level 10 in Shields
 35131 | Spider:1 | Killed a ghost moth
 35140 | Spider:1 | Reached skill level 14 in Armour
 37463 | Elf:1    | Entered Level 1 of the Elven Halls
 37930 | Elf:1    | Noticed Donald
 37944 | Elf:1    | Killed Donald
 38916 | Elf:1    | Identified the +6 trident "Culeogei" {protect, Int+4}
 39280 | Elf:1    | Found Fafith's Antique Weapon Shoppe.
 39294 | Elf:1    | Noticed a deep elf sorcerer
 39301 | Elf:1    | Killed a deep elf sorcerer
 40014 | Elf:1    | Paralysed by an air elemental for 1 turns
 40520 | Elf:2    | Found a flickering gateway to a bazaar.
 40534 | Bazaar   | Entered a bazaar
 40549 | Bazaar   | Found Ganelaqy's Assorted Antiques.
 40615 | Bazaar   | Found Wod Nead's Magic Scroll Boutique.
 40653 | Bazaar   | Found Mosar's Book Emporium.
 40704 | Bazaar   | Found Ycob's Assorted Antiques.
 40712 | Bazaar   | Bought a metallic golden potion for 21 gold pieces
 40929 | Bazaar   | Gained mutation: Your body sometimes deteriorates upon
                  | taking damage. [potion of mutation]
 40929 | Bazaar   | Gained mutation: Your body often deteriorates upon taking
                  | damage. [potion of mutation]
 40929 | Bazaar   | Gained mutation: You expend magic power (3 MP) to
                  | strengthen your wands. [potion of mutation]
 40929 | Bazaar   | Gained mutation: You possess an exceptional clarity of
                  | mind. [potion of mutation]
 40930 | Bazaar   | Lost mutation: Your body often deteriorates upon taking
                  | damage. [potion of mutation]
 40930 | Bazaar   | Lost mutation: Your body sometimes deteriorates upon taking
                  | damage. [potion of mutation]
 41146 | Elf:2    | Noticed a deep elf sorcerer
 41163 | Elf:2    | Killed a deep elf sorcerer
 41173 | Elf:2    | Paralysed by an air elemental for 1 turns
 41182 | Elf:2    | Paralysed by an air elemental for 1 turns
 41262 | Elf:2    | Reached XP level 16. HP: 56/139 MP: 3/18
 41510 | Elf:2    | Identified the +1 ring mail "Cesaota" {rF+ Str-5 SInv}
 41643 | Elf:2    | Identified the +0 spear "Coelip" {vamp, Fly Int+3}
 41836 | Elf:2    | Your ally Ognian died
 41843 | Elf:2    | Your ally Judas died
 42480 | Elf:2    | Found a runed translucent gate.
 42482 | Elf:2    | Found a runed translucent gate.
 42486 | Elf:2    | Found a runed translucent gate.
 43634 | Elf:2    | Reached skill level 15 in Armour
 44770 | Elf:3    | Entered Level 3 of the Elven Halls
 45504 | Elf:3    | Found Iptini's Magic Scroll Emporium.
 45513 | Elf:3    | Bought a scroll of silence for 142 gold pieces
 45733 | Elf:3    | Your ally Boruk died
 45741 | Elf:3    | Noticed Louise
 45743 | Elf:3    | Killed Louise
 46876 | Elf:3    | Noticed a deep elf master archer
 46878 | Elf:3    | Noticed a deep elf blademaster
 46879 | Elf:3    | Noticed an Executioner
 46883 | Elf:3    | Noticed a Hell Sentinel
 46884 | Elf:3    | Killed a deep elf master archer
 46885 | Elf:3    | Reached skill level 10 in Evocations
 46885 | Elf:3    | Noticed a deep elf master archer
 46885 | Elf:3    | Noticed a deep elf blademaster
 46891 | Elf:3    | Killed a deep elf blademaster
 46895 | Elf:3    | Killed a ghostly deep elf blademaster
 46895 | Elf:3    | Paralysed by an air elemental for 1 turns
 46899 | Elf:3    | Noticed a Hell Sentinel
 46902 | Elf:3    | Your ally Olfik died
 46903 | Elf:3    | Killed a deep elf blademaster
 46905 | Elf:3    | Noticed a Tzitzimitl
 46915 | Elf:3    | Your ally Ognian died
 46985 | Elf:3    | Killed a ghostly deep elf blademaster
 46986 | Elf:3    | Reached XP level 17. HP: 88/150 MP: 0/19
 47680 | Swamp:1  | Entered Level 1 of the Swamp
 50769 | Swamp:2  | Reached skill level 5 in Stealth
 50932 | Swamp:2  | Noticed Frances
 50952 | Swamp:2  | Killed Frances
 53691 | Swamp:3  | Reached skill level 16 in Armour
 53711 | Swamp:3  | Noticed a tentacled monstrosity
 53745 | Swamp:3  | Killed a tentacled monstrosity
 54951 | Swamp:3  | Noticed Nikola
 54984 | Swamp:3  | Killed Nikola
 55508 | Swamp:3  | Noticed Jorgrun
 55554 | Swamp:3  | Killed Jorgrun
 55834 | Swamp:4  | Entered Level 4 of the Swamp
 56042 | Swamp:3  | HP: 5/154 [four-headed hydra (6)]
 56980 | Swamp:4  | Reached XP level 18. HP: 154/161 MP: 7/21
 58996 | Swamp:4  | Reached skill level 15 in Shields
 59351 | Swamp:4  | Found an ancient bone altar of Kikubaaqudgha.
 59383 | Swamp:4  | HP: 4/243 [constriction (14)]
 59385 | Swamp:4  | HP: 1/243 [constriction (6)]
 59386 | Swamp:4  | Mangled by a shambling mangrove

Illustrated notes

Levels and vault maps discovered:
D:1:      elethiomel_arrival_quiet, layout_basic
D:2:      layout_basic, basic_ecumenical_altar, basic_altar,
          minmay_goblin_outpost, uniq_sigmund
D:3:      layout_basic, lemuel_doored_altar
D:4:      layout_loops_ring, gammafunk_temple_overflow_wave,
          grunt_dithmenos_smoke_and_mirrors, mainiacjoe_overflow_big_doors,
          minmay_temple_entry_mist, uniq_grinder, uniq_eustachio, uniq_ijyb
D:5:      due_chaos_kobolds, layout_rooms, minmay_misc_feat_square
D:6:      layout_rooms, mainiacjoe_overflow_chevrons, nicolae_shop_self_help
D:7:      layout_loops_corners, dk_vineyard_2
D:8:      layout_loops_cross, lemuel_mausoleum_altar_yredelemnul,
          nicolae_diode_quadrants
D:9:      layout_cave_pods, orc_0_dummy, enter_bailey_5,
          hangedman_decor_diamond_cutter, minivault_13
D:10:     erik_rubicon_b, layout_loops_corners, uniq_grum
D:11:     layout_roguey [special_room_orc], minmay_lair_entry_grove,
          uniq_josephine
D:12:     layout_cave_pools, serial_column_ruins, column_ruins_grid_1,
          column_ruins_grid_4, column_ruins_open_medium, column_ruins_grid_4
D:13:     layout_basic, erik_vaults_2
D:14:     layout_loops_cross, minivault_14, portal_ice_cave_entry_pillars_four
D:15:     grunt_enter_depths_magical_seal, layout_cave_pools,
          serial_column_ruins, column_ruins_hut, column_ruins_open_small,
          column_ruins_columns_dead_end, column_ruins_open_small,
          column_ruins_open_small, column_ruins_open_small,
          grunt_decor_fettered, minivault_14, chequers_serial_rivers_room_a
Lair:1:   layout_regular_city, serial_bayou_shore_b
Lair:2:   layout_gridlike, swamp_mist_pool, nicolae_spider_entry_orb_guardian,
          lemuel_old_faithful, uniq_amaemon, uniq_gastronok
Lair:3:   layout_cave_shapes, serial_bayou_shore_a, lemuel_fruit_tree
Lair:4:   layout_roguey, grunt_megastairs_3
Lair:5:   evilmike_catoblepas_cave, layout_regular_city,
          minmay_slime_entry_jelly_boxes, st_stairs_10,
          infiniplex_staircase_pool, uniq_sonja
Swamp:1:  layout_basic_swamp, nicolae_swamp_decorative_isthmus, swamp_pool3
Swamp:2:  nicolae_swamp_phyte_club, layout_basic_swamp,
          evilmike_swamp_ruin_house_6, swamp_pool5, uniq_frances
Swamp:3:  layout_basic_swamp, nicolae_swamp_dense_foliage,
          infiniplex_staircase_pool_2, uniq_jorgrun, uniq_nikola
Swamp:4:  swamp_alternative, layout_basic_swamp, swamp_pool4, grunt_ruined_hall
Spider:1: layout_spider_delve
Orc:1:    layout_diamond_mine
Orc:2:    pf_orc_diabolical, layout_caves, serial_shops,
          nicolae_shop_real_fake_doors, nicolae_shop_just_a_little_nook,
          nicolae_square_shop, basic_altar
Elf:1:    eino_elf_arrival_shootout, layout_gridlike,
          minmay_elf_crystal_heptagon, minmay_shop_star, uniq_donald
Elf:2:    nicolae_elf_blades_splatter_lattice
          [nicolae_vaults_blade_armed_guards], layout_loops_cross, serial_shops,
          bzr_entry_customers
Elf:3:    minmay_elf_hall_dome, layout_geoelf_octagon, serial_shops, shop,
          uniq_louise

Skill      XL: |  1  2  3  4  5  6  7  8  9 10 11 12 13 14 15 16 17 18 |
---------------+-------------------------------------------------------+-----
Fighting       | 4 5 6 7 8 9 10 11 13 14 | 14.9
Axes           | 4 5 8 9 10 | 10.8
Armour         | 4 5 6 7 8 9 11 12 13 14 15 16 | 16.3
Dodging        | 1 3 4 5 6 |  6.9
Shields        | 4 5 6 7 8 9 11 12 14 15 | 15.0
Maces & Flails | 4 6 7 |  7.0
Throwing       | 1 2 3 4 |  4.4
Stealth        | 2 3 4 5 |  5.0
Short Blades   | 1 5 8 10 12 14 | 14.0
Invocations    | 2 3 4 |  4.0
Evocations     | 3 5 7 8 10 11 | 11.6

Action                     |  1- 3 |  4- 6 |  7- 9 | 10-12 | 13-15 | 16-18 || total
---------------------------+-------+-------+-------+-------+-------+-------++-------
  Melee: War axe           |    74 |   156 |   242 |       |       |       ||   472
         Mace              |       |       |    70 |   100 |       |       ||   170
         Rapier            |       |       |       |   332 |   700 |  1271 ||  2303
  Throw: Javelin           |       |       |     9 |       |       |       ||     9
         Throwing net      |       |       |     1 |       |     1 |     9 ||    11
         Dart              |       |       |     2 |    25 |    10 |    20 ||    57
 Invoke: Convert to Beogh  |       |     1 |       |       |       |       ||     1
         Recall Orcish Fol |       |       |       |    16 |    14 |     6 ||    36
         Give Item to Name |       |       |       |     1 |     3 |       ||     4
         Smiting           |       |       |       |     1 |     1 |       ||     2
         Resurrection      |       |       |       |       |       |     2 ||     2
  Evoke: Wand              |       |       |       |       |     4 |    46 ||    50
         Box of beasts     |       |       |       |       |       |     1 ||     1
    Use: Scroll            |     2 |     8 |       |    17 |    19 |     8 ||    54
         Potion            |       |       |       |     4 |     6 |    21 ||    31
   Stab: Distracted        |       |       |       |     8 |     9 |     4 ||    21
         Held in net/web   |       |       |       |       |     1 |       ||     1
         Paralysed         |       |       |       |       |     1 |       ||     1
         Confused          |       |       |       |       |       |     3 ||     3
 Armour: Scale mail        |    36 |    94 |    79 |    44 |       |       ||   253
         Chain mail        |       |       |       |   100 |   248 |   394 ||   742
         Ring mail         |       |       |       |     4 |       |       ||     4
         Skin              |       |       |       |       |       |     3 ||     3
  Dodge: Dodged            |    43 |    77 |   157 |   333 |   270 |   363 ||  1243
  Block: Buckler           |    20 |    44 |    66 |   124 |    81 |       ||   335
         Reflection        |       |       |       |       |    26 |    25 ||    51
         Kite shield       |       |       |       |       |   328 |   755 ||  1083

Table legend: (Time is in decaauts)
 A = Elapsed time spent in this place.
 B = Non-inter-level travel time spent in this place.
 C = Inter-level travel time spent in this place.
 D = Time resting spent in this place.
 E = Time spent auto-exploring this place.
 F = Levels seen in this place.
 G = Mean time per level.
                   A        B        C        D        E       F      G
               +--------+--------+--------+--------+--------+-----+--------+
         Total |  58869 |  55598 |   3271 |  29592 |  14901 |  32 | 1839.7 |
       Dungeon |  21860 |  20715 |   1145 |   7515 |   9158 |  15 | 1457.3 |
          Lair |   7474 |   5892 |   1582 |   1998 |   2464 |   5 | 1494.8 |
         Swamp |  10455 |  10316 |    139 |   7225 |   1555 |   4 | 2613.8 |
   Spider Nest |   2094 |   2084 |     10 |   1643 |    129 |   1 | 2094.0 |
  Orcish Mines |   5853 |   5567 |    286 |   4130 |    276 |   2 | 2926.5 |
   Elven Halls |   9078 |   8970 |    108 |   6031 |    977 |   3 | 3026.0 |
        Bazaar |    419 |    419 |      0 |      0 |      0 |   1 |  419.0 |
        Bailey |   1633 |   1633 |      0 |   1050 |    341 |   1 | 1633.0 |
               +--------+--------+--------+--------+--------+-----+--------+

Top non-repeatable levels by time:
 Swamp:3: 4310 daAuts
   Orc:2: 4256 daAuts
     D:9: 3913 daAuts
   Elf:2: 3861 daAuts
 Swamp:2: 3080 daAuts
   Elf:1: 2991 daAuts
    D:10: 2814 daAuts
  Lair:5: 2693 daAuts
   Elf:3: 2224 daAuts
  Lair:2: 2096 daAuts
Spider:1: 2094 daAuts
 Swamp:1: 1813 daAuts
    D:15: 1751 daAuts
    D:11: 1748 daAuts
     D:8: 1723 daAuts
